 Dungeon Crawl Stone Soup version 0.22-a0-348-gd16d139 (webtiles) character file.

2592 Amnesiac the Shooter (level 9, -10/55 HPs)
             Began as a Deep Elf Fighter on Apr 11, 2018.
             Was a Believer of Okawaru.
             Mangled by an orc
             ... wielding a +1 falchion of electrocution
              (17 damage)
             ... on level 7 of the Dungeon.
             The game lasted 00:15:13 (7116 turns).

Amnesiac the Shooter (Deep Elf Fighter)             Turns: 7116, Time: 00:15:14

Health: -10/55     AC: 14    Str: 16    XL:     9   Next: 33%
Magic:  11/11      EV:  7    Int: 14    God:    Okawaru [**....]
Gold:   429        SH:  0    Dex: 14    Spells: 8/8 levels left

rFire    . . .     SeeInvis .   a - +0 shortbow (flame)
rCold    . . .     Gourm    .   (shield currently unavailable)
rNeg     . . .     Faith    .   h - +0 plate armour
rPois    .         Spirit   .   (no helmet)
rElec    .         Reflect  .   (no cloak)
rCorr    .         Harm     .   (no gloves)
MR       .....                  g - +1 pair of boots
Stlth    ..........             (no amulet)
HPRegen  0.18/turn              (no ring)
MPRegen  0.12/turn              (no ring)

@: slowed, very slow
A: no striking features
a: Heroism, Renounce Religion


You were on level 7 of the Dungeon.
You worshipped Okawaru.
Okawaru was pleased with you.
You were not hungry.

You visited 2 branches of the dungeon, and saw 8 of its levels.
You also visited: Sewer.

You collected 429 gold pieces.

Inventory:

Hand Weapons
 a - a +0 shortbow of flaming (weapon)
 b - a +0 great sword
 v - a +0 blowgun
 A - a +2 hunting sling of flaming
Missiles
 d - 76 arrows (quivered)
 j - 52 sling bullets
 n - 114 stones
 u - 16 poisoned needles
Armour
 g - a +1 pair of boots (worn)
 h - a +0 plate armour (worn)
 k - a +1 ring mail of magic resistance
Wands
 i - a wand of digging (10)
 y - a wand of polymorph (29)
Scrolls
 e - 3 scrolls of remove curse {!r}
 l - 5 scrolls of teleportation {!r}
 q - a scroll of fear {!r}
 t - 2 scrolls of magic mapping {!r}
 B - 3 scrolls of immolation {!r}
 E - a scroll of enchant weapon {!r}
 F - a scroll of blinking {!r}
Potions
 r - a potion of brilliance {!q}
 w - a potion of magic {!q}
Comestibles
 c - 3 chunks of flesh
 f - 16 rations


   Skills:
 - Level 6.0 Fighting
 - Level 2.0 Long Blades
 + Level 7.4 Bows
 - Level 6.0 Armour
 - Level 6.0 Dodging
   Level 2.4 Shields


You had 8 spell levels left.
You didn't know any spells.

Dungeon Overview and Level Annotations

Branches:
Dungeon (7/15)             Temple (1/1) D:4

Altars:
Ashenzari
Cheibriados
Dithmenos
Elyvilon
Fedhas
Gozag
Hepliaklqana
Kikubaaqudgha
Makhleb
Nemelex Xobeh
Okawaru
Qazlal
Ru
Sif Muna
Trog
Uskayaw
Vehumet
Wu Jian
Xom
Yredelemnul
Zin
The Shining One

Annotations:
D:4 p0werm0de's ghost, amateur DDFi


Message History

Press: ? - help, Shift-Dir - straight line, f - orc wizard
Aim: an orc wizard, wielding a dagger and wearing a robe (severely wounded, fast)
You shoot an arrow.
The arrow hits the orc wizard but does no damage.
The orc wizard is severely wounded.
Firing (i - inventory. (/) - cycle)
d - 81 arrows (quivered)
Press: ? - help, Shift-Dir - straight line, f/p - orc wizard
Aim: an orc wizard, wielding a dagger and wearing a robe (severely wounded, fast)
You shoot an arrow.
The arrow hits the orc wizard but does no damage.
The orc wizard is severely wounded.
The orc wizard barely misses you.
The orc wizard hits you but does no damage.
You hear a distant blaring wail to the south.
The orc wizard closely misses you.
Firing (i - inventory. (/) - cycle)
d - 80 arrows (quivered)
Press: ? - help, Shift-Dir - straight line, f/p - orc wizard
Aim: an orc wizard, wielding a dagger and wearing a robe (severely wounded, fast)
You shoot an arrow. The arrow hits the orc wizard.
The arrow burns the orc wizard.
The orc wizard is almost dead.
The orc wizard hits you with a dagger. The orc hits you but does no damage.
You are electrocuted!
* * * LOW HITPOINT WARNING * * *
The orc wizard completely misses you.
Firing (i - inventory. (/) - cycle)
d - 79 arrows (quivered)
Press: ? - help, Shift-Dir - straight line, f/p - orc wizard
Aim: an orc wizard, wielding a dagger and wearing a robe (almost dead, fast)
You shoot an arrow.
The arrow closely misses the orc wizard.
The arrow hits the orc!
The arrow burns the orc.
You kill the orc!
Okawaru accepts your kill.
The orc wizard hits you but does no damage. x2
The orc hits you with a falchion of electrocution.
* * * LOW HITPOINT WARNING * * *
Unknown command.
Press: ? - help, v - describe, . - travel
Here: an orc, wielding a falchion of electrocution The floor.
Unknown command.
Firing (i - inventory. (/) - cycle)
d - 78 arrows (quivered)
Press: ? - help, Shift-Dir - straight line, f/p - orc wizard
Aim: an orc wizard, wielding a dagger and wearing a robe (almost dead, fast)
Okay, then.
Okay, then.
Firing (i - inventory. (/) - cycle)
d - 78 arrows (quivered)
Press: ? - help, Shift-Dir - straight line, f - orc, p - orc wizard
Aim: an orc, wielding a falchion of electrocution You shoot an arrow.
The arrow hits the orc but does no damage.
The orc wizard points at you and mumbles some strange words.
The magic dart hits you!
* * * LOW HITPOINT WARNING * * *
The orc barely misses you.
The orc wizard hits you but does no damage.
Firing (i - inventory. (/) - cycle)
d - 77 arrows (quivered)
Press: ? - help, Shift-Dir - straight line, f/p - orc
Aim: an orc, wielding a falchion of electrocution You shoot an arrow.
The arrow barely misses the orc.
The orc wizard hits you but does no damage.
The orc hits you but does no damage.
You are electrocuted!
You die...

...######
#.......#
#.......#
#.......#
##.......#
#........#
#........#
#)o@<...(#
#...o.[...#
##(#[(..$..#
.#.
#########
###....
...((.#
##.......
#<.....#
#......####


You could see an orc wizard and an orc.

Vanquished Creatures
  Joseph (D:7)
  Sigmund (D:3)
  A wraith (D:6)
  Edmund (D:5)
  An ice beast (D:5)
  A sky beast (D:2)
  2 ogres
  2 centaurs (D:6)
  3 bullfrogs
  A killer bee (D:6)
  4 wights (D:6)
  2 howler monkeys (D:6)
  A crimson imp (D:7)
  2 bullfrog zombies
  An orc priest (D:4)
  3 orc wizards
  A centaur skeleton (D:7)
  2 hounds
  A gnoll shaman (D:6)
  2 jellies
  Jessica (D:3)
  An iguana (D:5)
  Natasha (thrice) (D:2)
  A worker ant (D:5)
  4 gnolls (D:6)
  9 adders
  10 oozes
  An adder zombie (D:5)
  An adder skeleton (D:4)
  3 worms
  A dart slug (D:1)
  14 leopard geckos
  17 orcs
  9 ball pythons
  7 bats
  16 giant cockroaches
  2 goblins
  9 hobgoblins
  4 jackals
  2 quokkas (D:3)
  13 frilled lizards
  A jackal zombie (D:5)
  8 kobolds
  A leopard gecko zombie (D:6)
  A quokka skeleton (D:4)
  9 rats
181 creatures vanquished.

Notes
Turn   | Place    | Note
-------+----------+-------------------------------------------
     0 | D:1      | Amnesiac the Deep Elf Fighter began the quest for the Orb.
     0 | D:1      | Reached XP level 1. HP: 13/13 MP: 3/3
   144 | D:1      | Reached skill level 1 in Dodging
   256 | D:1      | Reached XP level 2. HP: 16/18 MP: 4/4
   609 | D:1      | You fall through a shaft!
   621 | D:2      | Noticed a sky beast
   649 | D:3      | Noticed Sigmund
   667 | D:3      | Noticed Jessica
   672 | D:3      | Killed Jessica
   672 | D:3      | Reached XP level 3. HP: 5/22 MP: 5/5
   706 | D:4      | Found a staircase to the Ecumenical Temple.
   731 | Temple   | Entered the Ecumenical Temple
   766 | Temple   | Became a worshipper of Warmaster Okawaru
   773 | Temple   | Reached XP level 4. HP: 16/28 MP: 6/6
   919 | D:4      | Found a glowing drain.
   974 | Sewer    | Entered a sewer
  1295 | Sewer    | Reached XP level 5. HP: 29/32 MP: 7/7
  2062 | D:4      | Noticed p0werm0de's ghost (amateur DDFi)
  2119 | D:3      | Reached XP level 6. HP: 31/38 MP: 8/8
  2283 | D:2      | Noticed Natasha
  2296 | D:2      | Killed Natasha
  2448 | D:2      | Noticed Natasha
  2457 | D:2      | Killed Natasha
  2486 | D:2      | Killed a sky beast
  2486 | D:2      | Reached * piety under Okawaru
  2507 | D:2      | Noticed Natasha
  2518 | D:2      | Killed Natasha
  3679 | D:3      | Killed Sigmund
  3679 | D:3      | Reached XP level 7. HP: 38/44 MP: 9/9
  3963 | D:3      | Found a sparkling altar of Nemelex Xobeh.
  4436 | D:5      | Entered Level 5 of the Dungeon
  4628 | D:5      | Noticed Edmund
  4643 | D:5      | Killed Edmund
  4643 | D:5      | Reached skill level 5 in Fighting
  4643 | D:5      | Reached skill level 5 in Armour
  4643 | D:5      | Reached skill level 5 in Dodging
  4701 | D:5      | Reached XP level 8. HP: 46/49 MP: 10/10
  4706 | D:5      | Reached ** piety under Okawaru
  5844 | D:6      | Reached skill level 1 in Bows
  6057 | D:6      | Reached skill level 2 in Bows
  6200 | D:7      | Reached skill level 3 in Bows
  6221 | D:7      | Noticed Joseph
  6288 | D:7      | Killed Joseph
  6288 | D:7      | Reached skill level 5 in Bows
  6288 | D:7      | Reached XP level 9. HP: 17/55 MP: 8/11
  6665 | D:6      | Reached skill level 6 in Bows
  6995 | D:7      | Reached skill level 7 in Bows
  7116 | D:7      | Mangled by an orc

Vault maps used:
D:1:      tarquinn_simple_flora_water_d, minmay_cupped
D:2:      uniq_natasha
D:3:      nicolae_overflow_hidden_temple, uniq_jessica, uniq_sigmund
D:4:      minmay_temple_entry_junction, cheibrodos_sewer_entry_drain
D:5:      first_ration, kennysheep_opposing_triangles, uniq_edmund
D:7:      grunt_potential, uniq_joseph
Temple:   grunt_wide_crystal_templ
Sewer:    sewer_frog_island_02

Skill      XL: |  1  2  3  4  5  6  7  8  9 |
---------------+----------------------------+-----
Long Blades    | 2 |  2.0
Dodging        | 1 2 3 4 5 6 |  6.0
Fighting       | 3 4 5 6 |  6.0
Armour         | 3 4 5 6 |  6.0
Bows           | 5 7 |  7.4
Shields        | |  2.4

Action                   |  1- 3 |  4- 6 |  7- 9 || total
-------------------------+-------+-------+-------++-------
Melee: Long sword        |    82 |   430 |   151 ||   663
 Fire: Hunting sling     |       |       |   171 ||   171
       Blowgun           |       |       |    18 ||    18
       Shortbow          |       |       |    68 ||    68
Invok: Heroism           |       |       |     6 ||     6
Evoke: Wand              |       |     1 |     3 ||     4
  Use: Scroll            |     4 |     2 |     7 ||    13
       Potion            |     2 |       |     7 ||     9
  Eat: Chunk             |       |    10 |    12 ||    22
Armor: Scale mail        |    23 |       |       ||    23
       Plate armour      |   110 |   396 |   254 ||   760
Dodge: Dodged            |    25 |    61 |    86 ||   172
Block: Shield            |    94 |   259 |   131 ||   484
       Rpst.: Long sword |    10 |    17 |     6 ||    33

Table legend:
 A = Spawn XP
 B = Non-spawn XP
 C = Spawn XP percentage of total XP
 D = Spawn monster count
 E = Non-spawn monster count
 F = Spawn count percentage of total count
 G = Total turns spent on level
                    A         B        C        D         E        F      G
               +---------+---------+-------+---------+---------+-------+---------
         Total |       0 |    3703 |   0.0 |       0 |     181 |   0.0 |  7116
               +---------+---------+-------+---------+---------+-------+---------
           D:1 |       0 |      33 |   0.0 |       0 |      17 |   0.0 |  1083
           D:2 |       0 |     280 |   0.0 |       0 |      19 |   0.0 |   913
           D:3 |       0 |     344 |   0.0 |       0 |      25 |   0.0 |   674
           D:4 |       0 |     124 |   0.0 |       0 |      15 |   0.0 |   606
           D:5 |       0 |     645 |   0.0 |       0 |      19 |   0.0 |  1035
           D:6 |       0 |    1212 |   0.0 |       0 |      25 |   0.0 |  1433
           D:7 |       0 |     781 |   0.0 |       0 |      11 |   0.0 |   212
        Temple |       0 |      42 |   0.0 |       0 |       1 |   0.0 |   173
         Sewer |       0 |     242 |   0.0 |       0 |      49 |   0.0 |   987
               +---------+---------+-------+---------+---------+-------+---------
